AoeStats
← Tavik

Arena

510191675Analyzed
2v2 RM · 2d ago on Sep 29, 2026· 47m 8s· 4 players
Game mode
Random Map
Map size
Medium (4 player)
Population
200
Speed
Normal
Resources
Standard
Victory
Conquest
Starting age
Dark Age
Ending age
Imperial Age
RankedLock teamsTeams togetherTeam positionsShared explorationLock speedFull tech treeHidden civsTurbo modeCheats
Victory
Defeat
🇧🇷 Celts · Brazil
1362
+14
🇨🇳 Mongols · China
1354
+15
🇨🇿 Celts · Czechia
1341
-15
🇨🇿 Varangians · Czechia
1306
-14
Gomes
10:35 Feudal Age
10:33 Loom
14:46 Castle Age
13:39 Double-Bit Axe
13:46 Gold Mining
18:13 Bow Saw
18:24 Horse Collar
23:15 Wheelbarrow
25:59 Sanctity
32:58 Imperial Age
30:47 Hand Cart
32:11 Scale Mail Armor
32:53 Forging
34:00 Chain Mail Armor
34:32 Iron Casting
35:22 Plate Mail Armor
38:30 Stone Mining
42:17 Blast Furnace
45:53 Man-at-Arms
598709438
10:05 Feudal Age
11:43 Double-Bit Axe
14:28 Castle Age
13:05 Horse Collar
15:27 Bow Saw
18:00 Loom
22:55 Wheelbarrow
23:39 Gold Mining
23:41 Stone Mining
24:46 Fletching
25:22 Bodkin Arrow
26:46 Padded Archer Armor
28:25 Leather Archer Armor
31:43 Imperial Age
31:42 Bloodlines
32:28 Thumb Ring
32:26 Bracer
32:53 Ballistics
33:05 Town Watch
34:16 Parthian Tactics
34:20 Hand Cart
34:21 Husbandry
36:16 Chemistry
35:50 Siege Engineers
37:45 Conscription
36:46 Elite Mangudai
39:48 Scale Barding Armor
39:54 Forging
39:45 Light Cavalry
42:15 Chain Barding Armor
42:30 Iron Casting
41:16 Hussar
43:11 Drill
44:22 Masonry
45:04 Heavy Plow
46:58 Blast Furnace
Tavik
6:05 Loom
8:44 Feudal Age
9:52 Loom
12:00 Fletching
12:17 Horse Collar
12:25 Double-Bit Axe
13:28 Man-at-Arms
22:39 Castle Age
23:27 Bodkin Arrow
25:44 Wheelbarrow
34:07 Imperial Age
34:40 Capped Ram
36:27 Ballistics
40:15 Furor Celtica
40:32 Heavy Scorpion
Melioth
11:18 Feudal Age
15:16 Castle Age
13:53 Horse Collar
14:41 Double-Bit Axe
14:48 Gold Mining
17:58 Forging
22:58 Iron Casting
23:16 Bloodlines
23:38 Husbandry
25:52 Scale Barding Armor
29:23 Chain Barding Armor
33:52 Imperial Age
31:38 Bow Saw
31:42 Loom
32:09 Heavy Plow
33:24 Wheelbarrow
35:09 Plate Barding Armor
34:34 Stone Mining
36:34 Blast Furnace
35:32 Elite Jarl
37:32 Two-Man Saw
37:04 Crop Rotation
37:07 Hand Cart
36:53 Gothikon
45:24 Elite Skirmisher
46:51 Fletching
47:02 Padded Archer Armor
Connection lost

Rejoining the realm…

Still unreachable

The connection could not be restored.

Session expired

The server has moved on; the page needs a fresh start.